 Dungeon Crawl Stone Soup version 0.28-a0-529-g3bad584f25 (webtiles) character file.

Game seed: 3746455168741110521

119 spiderkeys the Skirmisher (level 5, -6/47 HPs)
             Began as a Gnoll Abyssal Knight on Sept 24, 2021.
             Was a Follower of Lugonu.
             Splashed by a jelly's acid (7 damage)
             ... on level 3 of the Dungeon.
             The game lasted 00:04:38 (2132 turns).

spiderkeys the Skirmisher (Gnoll Abyssal Knight)    Turns: 2132, Time: 00:04:39

Health: -6/47      AC: -1    Str: 13    XL:     5   Next: 3%
Magic:  17/17      EV: 12    Int: 10    God:    Lugonu [*.....]
Gold:   34         SH:  0    Dex: 18    Spells: 6/6 levels left

rFire   + . .      SeeInvis .   a - +1 spear
rCold   . . .      Faith    .   (no shield)
rNeg    + . .      Spirit   .   b - +0 leather armour
rPois   .          Reflect  .   (no helmet)
rElec   .          Harm     .   j - +1 cloak
rCorr   .          Rampage  .   e - +2 pair of gloves {archery}
Will    .....                   d - +0 pair of boots
Stlth   +++.......              (no amulet)
HPRegen 0.15/turn               g - ring of Vageim {rF+ rN+ MP+9 Stlth+}
MPRegen 0.15/turn               D - +6 ring of dexterity

@: corroded
A: fangs 1, strong nose, distributed training
a: Renounce Religion, Depart the Abyss


You were on level 3 of the Dungeon.
You worshipped Lugonu.
Lugonu was aware of your devotion.
You visited 1 branch of the dungeon, and saw 3 of its levels.
You visited the Abyss 1 time.

You collected 34 gold pieces.


Innate Abilities, Weirdness & Mutations

You have very sharp teeth.
Your uncanny sense of smell can sniff out nearby items.
Your experience applies equally to all skills.


   Skills:
 + Level 6.6 Fighting
 + Level 1.3 Short Blades
 + Level 1.3 Long Blades
 + Level 1.3 Axes
 + Level 1.3 Maces & Flails
 + Level 4.7 Polearms
 + Level 1.3 Staves
 + Level 1.3 Slings
 + Level 1.3 Bows
 + Level 1.3 Crossbows
 + Level 1.3 Throwing
 + Level 4.7 Armour
 + Level 2.8 Dodging
 + Level 1.3 Stealth
 + Level 1.3 Shields
 + Level 1.3 Unarmed Combat
 + Level 1.3 Spellcasting
 + Level 1.0 Conjurations
 + Level 1.0 Hexes
 + Level 1.0 Summonings
 + Level 1.0 Necromancy
 + Level 1.0 Translocations
 + Level 1.0 Transmutations
 + Level 1.0 Fire Magic
 + Level 1.0 Ice Magic
 + Level 1.0 Air Magic
 + Level 1.0 Earth Magic
 + Level 1.0 Poison Magic
 + Level 4.8 Invocations
 + Level 1.3 Evocations


You had 6 spell levels left.
You didn't know any spells.
Your spell library contained the following spells:

 Spells                   Type           Power      Damage    Failure   Level
 Magic Dart               Conj           8%         1d3       26%         1
 Searing Ray              Conj           4%         2d4       38%         2
 Fulminant Prism          Conj/Hex       1%         3d6       95%         4

Inventory:

Hand Weapons
 a - a +1 spear (weapon)
Missiles
 h - 36 bolts
 k - 32 stones (quivered)
 o - 28 poisoned darts
 t - 20 arrows
Armour
 b - a +0 leather armour (worn)
 d - a +0 pair of boots (worn)
   (You found it on level 2 of the Abyss)
 e - a +2 pair of gloves of archery (worn)
   (You acquired it on level 3 of the Abyss)
 j - a +1 cloak (worn)
   (You found it on level 2 of the Dungeon)
Magical Staves
 i - a staff of air {!a}
   (You found it on level 1 of the Dungeon)
Jewellery
 g - the ring of Vageim (left hand) {rF+ rN+ MP+9 Stlth+}
   (You found it on level 3 of the Abyss)

   [ring of magical power]

   rF:        It protects you from fire.
   rN:        It protects you from negative energy.
   MP:        It affects your magic capacity (+9).
   Stlth:     It makes you more stealthy.
 D - a +6 ring of dexterity (right hand)
   (You found it on level 1 of the Dungeon)
Scrolls
 l - a scroll of fog
 m - a scroll of teleportation {@r4}
Potions
 c - a potion of brilliance
 f - a potion of heal wounds {unknown}
 p - a potion of might {unknown}

Dungeon Overview and Level Annotations

Branches:
Dungeon (3/15)

Altars:

####### #.....#
#..##.#####
##.........##
########......#.....
#.<@J..†)...#.#...##
#.#######..##.###...
#. #..##.# .## #.
#..##.# .# #.
#.....# .# #.
#...### .#∆ #. .....
.. .. ...... ##
[......


You could see a jelly.


Message History

You kill the jackal!
Lugonu accepts your kill.
You have reached level 5! 😕 HP[+6] MP[+1]
You now have 47 max hp (+6).
You regained 6 hp, and now have 45/47 hp.
Your mp is fully restored (17).
You hit the jackal.
A jackal comes into view.
The jackal bites you but does no damage.
The jackal barks!
You hit the jackal.
You kill the jackal!
Lugonu accepts your kill.
You reach to attack!
You closely miss the jackal. You hit the jackal. The jackal barely misses you.
You miss the jackal. The jackal closely misses you.
You hit the jackal.
You kill the jackal!
Lugonu accepts your kill.
No target in view!
No target in view!
A kobold comes into view. It is wielding a +0 whip.
You hear a distant slurping noise.
A kobold is nearby!
A kobold is nearby!
You see here a jackal corpse. 😕 HP[+1]
You hit the kobold. Your punch misses the kobold.
You bite the kobold, but do no damage. The kobold closely misses you.
You hit the kobold.
You kill the kobold!
Lugonu accepts your kill.
No target in view!
No target in view!
Things that are here:
a +0 whip; a kobold corpse; 😎 HP[+1]
Your hp is fully restored (47).
A jelly comes into view.
A jelly is nearby!
You hit the jelly.
Your hands burn!
The jelly hits you but does no damage. 😕 HP[-3]
You take 3 damage, and now have 44/47 hp.
You barely miss the jelly. The jelly hits you but does no damage.
You hit the jelly.
Your hands burn!
You bite the jelly. The jelly misses you. 😕 HP[-3]
You take 3 damage, and now have 41/47 hp.
You hit the jelly.
Your hands burn! 😕 HP[-1]
You take 1 damage, and now have 40/47 hp.
You barely miss the jelly. You bite the jelly, but do no damage.
The jelly hits you but does no damage.
You hit the jelly. The acid corrodes you!
Your hands burn!
You bite the jelly, but do no damage.
The jelly hits you but does no damage. 😮 HP[-5]
You take 5 damage, and now have 35/47 hp.
You are too injured to fight recklessly!
You are too injured to fight recklessly!
Unknown command.
You hit the jelly but do no damage. The acid corrodes you!
Your hands burn!
The jelly hits you. The acid corrodes you!
You are splashed with acid!
* * * LOW HITPOINT WARNING * * *
😨 HP[-14]
You take 14 damage, and now have 21/47 hp.
MASSIVE DAMAGE!! (PAUSE) 😨 HP[+1]
Things that are here:
a +0 whip; a kobold corpse You see here a jackal corpse. 😨 HP[+1]
Okay, then.
You aren't carrying any items that you can evoke.
Okay, then.
Throw: 29 darts (poison)
Press: ? - help, Shift-Dir - straight line, f - jelly
Aim: a jelly (heavily wounded, 91% to hit)
You throw a poisoned dart. The poisoned dart hits the jelly.
Okay, then.
Press: ? - help, v - describe, . - travel The floor.
You hit the jelly.
Your hands burn!
* * * LOW HITPOINT WARNING * * *
The jelly hits you.
* * * LOW HITPOINT WARNING * * *
You are splashed with acid!
* * * LOW HITPOINT WARNING * * *
😱 HP[-14]
You take 14 damage, and now have 9/47 hp.
MASSIVE DAMAGE!! (PAUSE)
You hit the jelly but do no damage.
Your hands burn!
* * * LOW HITPOINT WARNING * * *
The jelly barely misses you. 😱 HP[-4]
You take 4 damage, and now have 5/47 hp.
You hit the jelly.
Your hands burn!
* * * LOW HITPOINT WARNING * * *
You bite the jelly, but do no damage. The jelly hits you.
* * * LOW HITPOINT WARNING * * *
You are splashed with acid!
You die...

Skill      XL: |  1  2  3  4 |
---------------+-------------+-----
Short Blades   | 1 |  1.3
Long Blades    | 1 |  1.3
Axes           | 1 |  1.3
Maces & Flails | 1 |  1.3
Staves         | 1 |  1.3
Slings         | 1 |  1.3
Bows           | 1 |  1.3
Crossbows      | 1 |  1.3
Throwing       | 1 |  1.3
Stealth        | 1 |  1.3
Shields        | 1 |  1.3
Unarmed Combat | 1 |  1.3
Spellcasting   | 1 |  1.3
Evocations     | 1 |  1.3
Conjurations   | 1 |  1.0
Hexes          | 1 |  1.0
Summonings     | 1 |  1.0
Necromancy     | 1 |  1.0
Translocations | 1 |  1.0
Transmutations | 1 |  1.0
Fire Magic     | 1 |  1.0
Ice Magic      | 1 |  1.0
Air Magic      | 1 |  1.0
Earth Magic    | 1 |  1.0
Poison Magic   | 1 |  1.0
Fighting       | |  6.6
Polearms       | |  4.7
Armour         | |  4.7
Dodging        | |  2.8
Invocations    | |  4.8

Action                   |  1- 3 |  4- 6 || total
-------------------------+-------+-------++-------
Melee: Spear             |    94 |    67 ||   161
       Bite              |     4 |    11 ||    15
Throw: Stone             |     6 |       ||     6
       Dart              |       |     1 ||     1
Invok: Depart the Abyss  |     1 |       ||     1
  Use: Scroll            |     5 |     3 ||     8
       Potion            |     2 |       ||     2
 Stab: Sleeping          |     6 |     1 ||     7
       Distracted        |     1 |       ||     1
Armor: Leather armour    |    29 |    24 ||    53
Dodge: Dodged            |    59 |    32 ||    91

Levels and vault maps discovered:
D:1:      dpeg_arrival_chambers_temple_mockup, layout_basic,
          basic_ecumenical_altar
D:2:      layout_rooms, grunt_ministairs_1, hex_medium
D:3:      layout_loops_corners, mainiacjoe_overflow_big_doors

Notes
Turn   | Place    | Note
-------+----------+-------------------------------------------
     0 | Abyss:1  | spiderkeys the Gnoll Abyssal Knight began the quest for the
                  | Orb.
     0 | Abyss:1  | Reached XP level 1. HP: 23/23 MP: 3/3
     0 | Abyss:1  | magus.rc [v1.9.10]
    67 | Abyss:3  | Identified the ring of Vageim {rF+ rN+ MP+9 Stlth+}
    70 | Abyss:3  | Identified a scroll of acquirement
    70 | Abyss:3  | Acquired a +2 pair of gloves of archery
    72 | Abyss:3  | Noticed a harpy skeleton
    73 | D:1      | You pass through the gate.
    73 | D:1      | Escaped the Abyss
   391 | D:1      | You pick up a book of Conjurations and begin reading...
   391 | D:1      | You add the spells Magic Dart, Searing Ray and Fulminant
                  | Prism to your library.
   548 | D:1      | Found a faded altar of an unknown god.
   567 | D:1      | Reached XP level 2. HP: 27/29 MP: 5/5
  1000 | D:2      | Reached * piety under Lugonu
  1103 | D:2      | Reached XP level 3. HP: 17/35 MP: 6/6
  1546 | D:2      | Reached skill level 1 in Short Blades
  1546 | D:2      | Reached skill level 1 in Long Blades
  1546 | D:2      | Reached skill level 1 in Axes
  1546 | D:2      | Reached skill level 1 in Maces & Flails
  1546 | D:2      | Reached skill level 1 in Staves
  1546 | D:2      | Reached skill level 1 in Slings
  1546 | D:2      | Reached skill level 1 in Bows
  1546 | D:2      | Reached skill level 1 in Crossbows
  1546 | D:2      | Reached skill level 1 in Throwing
  1546 | D:2      | Reached skill level 1 in Stealth
  1546 | D:2      | Reached skill level 1 in Shields
  1546 | D:2      | Reached skill level 1 in Unarmed Combat
  1546 | D:2      | Reached skill level 1 in Spellcasting
  1546 | D:2      | Reached skill level 1 in Evocations
  1564 | D:2      | Reached XP level 4. HP: 22/41 MP: 7/7
  1585 | D:1      | Reached skill level 1 in Conjurations
  1585 | D:1      | Reached skill level 1 in Hexes
  1585 | D:1      | Reached skill level 1 in Summonings
  1585 | D:1      | Reached skill level 1 in Necromancy
  1585 | D:1      | Reached skill level 1 in Translocations
  1585 | D:1      | Reached skill level 1 in Transmutations
  1585 | D:1      | Reached skill level 1 in Fire Magic
  1585 | D:1      | Reached skill level 1 in Ice Magic
  1585 | D:1      | Reached skill level 1 in Air Magic
  1585 | D:1      | Reached skill level 1 in Earth Magic
  1585 | D:1      | Reached skill level 1 in Poison Magic
  2082 | D:3      | Reached XP level 5. HP: 45/47 MP: 8/8
  2130 | D:3      | HP: 9/47 [acid (10)]
  2132 | D:3      | HP: 3/47 [acid (2)]
  2132 | D:3      | HP: 1/47 [jelly (2)]
  2132 | D:3      | Splashed by a jelly's acid

Vanquished Creatures
  An orc priest (D:2)
  5 adders
  A worm (D:2)
  A dart slug (D:2)
  2 orcs
  4 bats
  3 endoplasms (D:2)
  A giant cockroach (D:1)
  3 goblins
  4 hobgoblins
  3 jackals (D:3)
  5 kobolds
  2 quokkas
  2 ball pythons (D:1)
  2 rats
39 creatures vanquished.

Table legend:
 A = Non-vault XP
 B = Vault XP
 C = Vault XP percentage of total XP
 D = Non-vault monster count
 E = Vault monster count
 F = Vault count percentage of total count
                 A         B        C        D         E       F
            +---------+---------+-------+---------+---------+-------
      Total |     167 |       3 |   1.8 |      37 |       2 |   5.1
            +---------+---------+-------+---------+---------+-------
        D:1 |      59 |       0 |   0.0 |      14 |       0 |   0.0
        D:2 |     101 |       3 |   2.9 |      19 |       2 |   9.5
        D:3 |       7 |       0 |   0.0 |       4 |       0 |   0.0
            +---------+---------+-------+---------+---------+-------

Illustrated notes

Table legend:
 A = Kills in this place as a percentage of kills in entire the game.
 B = Kills by you in this place as a percentage of kills by you in the entire game.
 C = Kills by friends in this place as a percentage of kills by friends in the entire game.
 D = Other kills in this place as a percentage of other kills in the entire game.
 E = Experience gained in this place as a percentage of experience gained in the entire game.
 F = Experience gained in this place divided by the number of levels of this place that you have seen.
                   A       B       C       D       E      F
               +-------+-------+-------+-------+-------+----------------------
         Total | 100.0 | 100.0 |   N/A |   N/A | 100.0 |  28.3
       Dungeon | 100.0 | 100.0 |   N/A |   N/A | 100.0 |  56.7
               +-------+-------+-------+-------+-------+----------------------

Table legend: (Time is in decaauts)
 A = Elapsed time spent in this place.
 B = Non-inter-level travel time spent in this place.
 C = Inter-level travel time spent in this place.
 D = Time resting spent in this place.
 E = Time spent auto-exploring this place.
 F = Levels seen in this place.
 G = Mean time per level.
                   A        B        C        D        E       F      G
               +--------+--------+--------+--------+--------+-----+--------+
         Total |   2114 |   2045 |     69 |    298 |   1299 |   6 |  352.3 |
       Dungeon |   2042 |   1973 |     69 |    298 |   1293 |   3 |  680.7 |
         Abyss |     72 |     72 |      0 |      0 |      6 |   3 |   24.0 |
               +--------+--------+--------+--------+--------+-----+--------+

Top non-repeatable levels by time:
     D:1: 1293 daAuts
     D:2: 692 daAuts
     D:3: 55 daAuts
 Abyss:2: 51 daAuts
 Abyss:1: 12 daAuts
 Abyss:3: 8 daAuts
